[Event "Team 45 45 League T30"]
[Site "Internet Chess Club"]
[Date "2006.04.22"]
[Round "5"]
[White "kingfischer57"]
[Black "Slop"]
[Result "1-0"]
[WhiteElo "1801"]
[BlackElo "1792"]
[TimeControl "2700+45"]

1. d4 d5 2. c4 e6 3. Nc3 Nf6 4. Bg5 Nbd7 5. Nf3 Bb4 6. cxd5 exd5 7. Qc2 c6 8. e3
Qa5 9. Rc1 Ne4 10. Bd3 Bxc3+ 11. bxc3 Ndf6 12. O-O Bg4 13. Bxf6 Nxf6 14. Ne5 Bh5
15. Rb1 Qc7 16. c4 dxc4 17. Qxc4 O-O 18. h3 Nd7 19. Nxd7 Qxd7 20. Qc2 Bg6 21.
Bxg6 fxg6 22. Qb3+ Rf7 23. Rb2 Rb8 24. Rd2 Qd5 25. Qxd5 cxd5 26. Rc2 Rd7 27.
Rfc1 Kf7 28. Rc7 Ke7 29. Kf1 Kd6 30. Rxd7+ Kxd7 31. Ke2 Rf8 32. Rc5 Kd6 33. g3
b6 34. Rc2 g5 35. f3 Rf6 36. Kf2 h5 37. g4 hxg4 38. hxg4 Rh6 39. Kg2 Re6 40. Kf2
Rh6 41. Kg2 Re6 42. Kf2 a5 43. Rc8 Re7 44. Ke2 b5 45. Kd3 Rf7 46. Ke2 a4 47. a3
Rb7 48. Ra8 Ke6 49. Kd3 g6 50. Ra6+ Kf7 51. e4 dxe4+ 52. fxe4 Kg7 53. d5 Rf7 54.
Ke3 Rf4 55. d6 Kf7 56. Rb6 Rxg4 57. Rxb5 Rg3+ 58. Kd4 Rxa3 59. Ke5 Rb3 60. Ra5
Rb7 61. Rxa4 Rb5+ 62. Kd4 Ke6 63. Ra6 g4 64. d7+ Kxd7 65. Rxg6 Rb4+ 66. Ke5 Rb8
67. Rxg4 Re8+ 68. Kd5 Ke7 69. Rg5 Rd8+ 70. Ke5 Re8 71. Rh5 Kf7+ 72. Kf5 Ke7 73.
Rh7+ Kd6 74. Rh6+ Kd7 75. Ra6 Rf8+ 76. Ke5 Re8+ 77. Kd5 Rd8 78. Rd6+ Ke7 79.
Rxd8 Kxd8 80. Kd6 Ke8 81. Ke6 Kd8 82. Kf7 {Black resigns} 1-0  aics%

[Event "Team 45 45 League T30"]
[Site "Internet Chess Club"]
[Date "2006.04.22"]
[Round "5"]
[White "boozehound"]
[Black "crankn8tr"]
[Result "1-0"]
[WhiteElo "1587"]
[BlackElo "1620"]
[TimeControl "2700+45"]

1. e4 e5 2. Nf3 Nf6 3. Nxe5 d6 4. Nf3 Nxe4 5. Nc3 Nxc3 6. dxc3 Be7 7. Bf4 Nc6 8.
Bd3 Be6 9. Qd2 h6 10. O-O g5 11. Be3 Qd7 12. Bb5 a6 13. Ba4 O-O-O 14. Nd4 b5 15.
Nxc6 Qxc6 16. Bb3 Bc4 17. Rfe1 Bf6 18. a4 Kb7 19. axb5 Qxb5 20. Ba4 Qd5 21. Bd4
Bxd4 22. cxd4 c5 23. b3 Bxb3 24. Bxb3 Qf5 25. Rab1 Ka7 26. Bc4 d5 27. Qa5 dxc4
28. Qb6+ Ka8 29. Qb7# {Black checkmated} 1-0  aics%

[Event "Team 45 45 League T30"]
[Site "Internet Chess Club"]
[Date "2006.04.22"]
[Round "5"]
[White "BaroneRosso"]
[Black "Fredbob"]
[Result "1/2-1/2"]
[WhiteElo "2048"]
[BlackElo "2078"]
[TimeControl "2700+45"]

1. c4 c5 2. g3 Nc6 3. Bg2 g6 4. Nc3 Bg7 5. a3 a5 6. Nf3 e5 7. O-O Nge7 8. Ne1 d6
9. Nc2 Be6 10. Ne3 O-O 11. d3 Rb8 12. Ned5 Nc8 13. Bd2 N6e7 14. Qc2 Nxd5 15.
Nxd5 b6 16. Rab1 Ne7 17. Nxe7+ Qxe7 18. b4 axb4 19. axb4 h5 20. h4 f5 21. bxc5
bxc5 22. Rxb8 Rxb8 23. Rb1 Qc7 24. Rb3 Qa7 25. Rxb8+ Qxb8 26. Qa2 Kh7 27. Bc3
Bh6 28. Qb2 Qxb2 29. Bxb2 Bd2 30. Kf1 e4 31. Bf6 d5 32. cxd5 Bxd5 33. Be7 c4 34.
dxc4 Bxc4 35. Bg5 Bc3 36. f3 Bd5 37. fxe4 fxe4 38. Kf2 Bd4+ 39. Be3 Be5 40. Bf4
Bxf4 41. gxf4 e3+ 42. Kg3 Bc4 43. Kf3 Bd5+ 44. Kg3 Be6 45. Kf3 Bd5+ 46. Kg3
{Game drawn by repetition} 1/2-1/2  aics%

[Event "Team 45 45 League T30"]
[Site "Internet Chess Club"]
[Date "2006.04.23"]
[Round "5"]
[White "RameshB"]
[Black "ikalel"]
[Result "1-0"]
[WhiteElo "1971"]
[BlackElo "1894"]
[TimeControl "2700+45"]

1. d4 Nf6 2. Nf3 c5 3. e3 d5 4. c4 e6 5. Nc3 Nc6 6. Bd3 Be7 7. O-O O-O 8. Ne5
cxd4 9. Nxc6 bxc6 10. exd4 c5 11. Be3 Ba6 12. b3 Qc7 13. cxd5 Bxd3 14. Qxd3 exd5
15. g3 Rad8 16. Rac1 Qa5 17. dxc5 Bxc5 18. Bg5 Be7 19. Rfe1 h6 20. Bxh6 gxh6 21.
Rxe7 Rc8 22. Ree1 Rc5 23. Qd4 {Black resigns} 1-0  aics%

[Event "Team 45 45 League T30"]
[Site "Internet Chess Club"]
[Date "2006.04.22"]
[Round "5"]
[White "matein7"]
[Black "narog"]
[Result "1-0"]
[WhiteElo "1942"]
[BlackElo "1902"]
[TimeControl "2700+45"]

1. d4 f5 2. c4 Nf6 3. Nc3 g6 4. Bg5 Bg7 5. e3 O-O 6. Bd3 d6 7. Nf3 c6 8. O-O Qe8
9. d5 Nbd7 10. Rc1 Nc5 11. Re1 Nxd3 12. Qxd3 h6 13. Bh4 g5 14. Bg3 Nh5 15. Nd4
Bd7 16. b4 Rc8 17. c5 Nxg3 18. hxg3 Qf7 19. cxd6 exd6 20. e4 f4 21. gxf4 Qxf4
22. Rc2 Qf6 23. dxc6 bxc6 24. Nf3 Qe7 25. e5 d5 26. e6 Be8 27. Nxd5 Qd6 28. Nf6+
Bxf6 29. Qxd6 Bg6 30. e7 Bxe7 31. Qxg6+ Kh8 32. Rxe7 {Black resigns} 1-0  aics%

[Event "Team 45 45 League T30"]
[Site "Internet Chess Club"]
[Date "2006.04.21"]
[Round "5"]
[White "Qualm"]
[Black "Beetlejuice"]
[Result "1/2-1/2"]
[WhiteElo "1833"]
[BlackElo "1804"]
[TimeControl "2700+45"]

1. e4 e5 2. Nf3 Nf6 3. Nxe5 d6 4. Nf3 Nxe4 5. d4 d5 6. Bd3 Nc6 7. O-O Be7 8. c4
Nb4 9. Be2 O-O 10. a3 Nc6 11. cxd5 Qxd5 12. Nc3 Nxc3 13. bxc3 Bf5 14. Be3 Na5
15. Ne5 c5 16. c4 Qe6 17. Qa4 cxd4 18. Bxd4 Nc6 19. Nxc6 bxc6 20. Bf3 Rfc8 21.
Rfe1 Qd7 22. Rad1 Qc7 23. Bxc6 Qxc6 24. Qxc6 Rxc6 25. Rxe7 Rxc4 26. Be3 {Game
drawn by mutual agreement} 1/2-1/2  aics%